 Dungeon Crawl Stone Soup version 0.27.1 (webtiles) character file.

Game seed: 12998010461829849215

205 MajorAdolf the Covert (level 5, -8/49 HPs)
             Began as a Naga Wanderer on Aug 23, 2021.
             Mangled by a gnoll (10 damage)
             ... on level 3 of the Dungeon.
             The game lasted 00:03:44 (2964 turns).

MajorAdolf the Covert (Naga Wanderer)               Turns: 2964, Time: 00:03:45

Health: -8/49      AC:  2    Str: 12    XL:     5   Next: 83%
Magic:  5/5        EV:  9    Int: 14    God:
Gold:   136        SH:  0    Dex: 12    Spells: 4/4 levels left

rFire    . . .     SeeInvis +   a - +2 shortbow
rCold    . . .     Faith    .   (shield currently unavailable)
rNeg     . . .     Spirit   .   e - +0 robe
rPois    +         Reflect  .   (no helmet)
rElec    .         Harm     .   (no cloak)
rCorr    .         Rampage  .   (no gloves)
Will     .....                  (no barding)
Stlth    ++++......             (no amulet)
HPRegen  0.16/turn              o - ring of flight
MPRegen  0.09/turn              (no ring)

@: short of breath, flying, very slow
A: AC +1, large, see invisible, deformed body, poison resistance, slowness 2,
spit poison 1, naga tail 1
a: Spit Poison


You were on level 3 of the Dungeon.
You visited 1 branch of the dungeon, and saw 3 of its levels.

You collected 136 gold pieces.

Inventory:

Hand Weapons
 a - a +2 shortbow (weapon)
 c - a +0 short sword
 d - a +0 falchion
Missiles
 b - 9 arrows (quivered ammo)
Armour
 e - a +0 robe (worn)
Jewellery
 o - a ring of flight (left hand)
Scrolls
 f - a scroll of noise {unknown}
 k - 2 scrolls of identify {unknown}
 l - a scroll of amnesia {unknown}
 m - a scroll of holy word {unknown}
 n - a scroll of silence {unknown}
Potions
 g - a potion of berserk rage {unknown}
 h - a potion of experience {unknown}
 i - a potion of degeneration {unknown}
 j - a potion of flight {unknown}


   Skills:
 - Level 3.0 Fighting
 - Level 1.0 Long Blades
 - Level 1.0 Bows
 - Level 1.5 Armour
 - Level 1.0 Dodging
 + Level 8.8 Stealth
 - Level 1.0 Evocations


You had 4 spell levels left.
You didn't know any spells.
Your spell library contained the following spells:

 Spells                   Type           Power      Damage    Failure   Level
 Beastly Appendage        Tmut           0%         N/A       28%         1
 Wereblood                Tmut           0%         N/A       41%         2
 Spider Form              Tmut/Pois      0%         N/A       65%         3


Dungeon Overview and Level Annotations

Branches:
Dungeon (3/15)

Altars:
Vehumet
Zin

Shops:
D:2 !


Innate Abilities, Weirdness & Mutations

Your serpentine skin is tough. (AC +1)
You have supernaturally acute eyesight. (SInv)
Armour fits poorly on your strangely shaped body.
Your system is resistant to poisons. (rPois)
You cover ground very slowly.
You can spit poison.
You have a snake-like lower body.


Message History

Press: ? - help, Q - select action, (/) - cycle Shift-Dir - straight line, f/p - gnoll
Aim: a gnoll, wielding a +0 spear (heavily wounded, 64% to hit)
You shoot an arrow. The arrow closely misses the gnoll.
The gnoll hits you from afar with a +0 spear.
* * * LOW HITPOINT WARNING * * *
Fire: 13 arrows
Press: ? - help, Q - select action, (/) - cycle Shift-Dir - straight line, f/p - gnoll
Aim: a gnoll, wielding a +0 spear (heavily wounded, 64% to hit)
You shoot an arrow. The arrow hits the gnoll.
The gnoll is severely wounded.
The gnoll barely misses you.
Fire: 12 arrows
Press: ? - help, Q - select action, (/) - cycle Shift-Dir - straight line, f/p - gnoll
Aim: a gnoll, wielding a +0 spear (severely wounded, 64% to hit)
You shoot an arrow. The arrow closely misses the gnoll.
The gnoll closely misses you.
Fire: 11 arrows
Press: ? - help, Q - select action, (/) - cycle Shift-Dir - straight line, f/p - gnoll
Aim: a gnoll, wielding a +0 spear (severely wounded, 64% to hit)
You shoot an arrow. The arrow closely misses the gnoll.
You have got your breath back.
The gnoll barely misses you.
Fire: 10 arrows
Press: ? - help, Q - select action, (/) - cycle Shift-Dir - straight line, f/p - gnoll
Aim: a gnoll, wielding a +0 spear (severely wounded, 64% to hit)
Okay, then.
Press: ? - help, Shift-Dir - straight line, f/p - gnoll
Aim: a gnoll, wielding a +0 spear (severely wounded)
The splash of poison hits the gnoll but does no damage.
The gnoll is poisoned.
The gnoll is severely wounded.
The gnoll hits you from afar with a +0 spear!
* * * LOW HITPOINT WARNING * * *
Fire: 10 arrows
Press: ? - help, Q - select action, (/) - cycle Shift-Dir - straight line, f/p - gnoll
Aim: a gnoll, wielding a +0 spear (almost dead, poisoned, 64% to hit)
You shoot an arrow. The arrow barely misses the gnoll.
The gnoll barely misses you.
The gnoll hits you from afar with a +0 spear!
You die...

.....# .(. ..##<####..## ...###
#(# #............ #.## #..
....._...... #.#### #.#
##.......... #....# #(##
#..........# ####.# #.(#
#....♣...... # #.# ##g#
#........... ####.# #)#
##.......#.# .....# #.# #@#
#..._...#.# ###### #.# #.#
##....#...# # #.#
#.#######...####.# # #.#
#.#..........#.... #
#.#######.#.######.....#.# ##
#...........# #...#...# .#
#>...####.### #..#.##.#
.#######)......[.########..#####.
....[.<..#.#####.#.)...##..# ##


You could see a gnoll (poisoned).

Vanquished Creatures
  Jessica (D:3)
  A hound zombie (D:3)
  8 gnolls
  2 adders
  3 dart slugs
  An orc (D:3)
  7 endoplasms
  2 giant cockroaches
  A goblin (D:1)
  5 hobgoblins
  6 jackals (D:1)
  6 kobolds
  A quokka (D:2)
  7 ball pythons
  8 bats
  3 frilled lizards
  4 rats
66 creatures vanquished.

Notes
Turn   | Place    | Note
-------+----------+-------------------------------------------
     0 | D:1      | MajorAdolf the Naga Wanderer began the quest for the Orb.
     0 | D:1      | MajorAdolf set off with the following items: a +2 shortbow,
                  | 23 arrows, a +0 short sword, a +0 falchion, a +0 robe
     0 | D:1      | Reached XP level 1. HP: 21/21 MP: 1/1
    20 | D:1      | Reached skill level 2 in Stealth
   155 | D:1      | Reached skill level 3 in Stealth
   202 | D:1      | Reached XP level 2. HP: 28/28 MP: 2/2
   486 | D:1      | Reached skill level 4 in Stealth
   680 | D:1      | Reached XP level 3. HP: 34/34 MP: 3/3
   692 | D:1      | Found a faded altar of an unknown god.
  1128 | D:2      | Reached skill level 5 in Stealth
  1198 | D:2      | Reached skill level 6 in Stealth
  1198 | D:2      | Reached XP level 4. HP: 32/42 MP: 4/4
  1464 | D:2      | Found Jats's Distillery.
  1846 | D:2      | Reached skill level 7 in Stealth
  1963 | D:2      | Reached XP level 5. HP: 49/49 MP: 5/5
  2110 | D:3      | Found a glowing silver altar of Zin.
  2110 | D:3      | Found a radiant altar of Vehumet.
  2332 | D:3      | Noticed Jessica
  2338 | D:3      | Killed Jessica
  2339 | D:3      | Reached skill level 8 in Stealth
  2851 | D:3      | Found Lamiyzyu's Antique Armour Emporium.
  2963 | D:3      | HP: 2/49 [gnoll (7)]
  2964 | D:3      | Mangled by a gnoll

Illustrated notes

Levels and vault maps discovered:
D:1:      scummos_arrival_hexagon, layout_loops_corners,
          ebering_ecumenical_altar_rust
D:2:      layout_basic, serial_shops, shop, minmay_misc_feat_rows,
          serial_bayou_crossing
D:3:      layout_loops_ring, grunt_temple_overflow_open, serial_shops,
          nicolae_shop_trees, grunt_decor_junction, uniq_jessica

Skill      XL: |  1  2  3  4  5 |
---------------+----------------+-----
Stealth        | 3 4 6 7 8 |  8.8
Fighting       | |  3.0
Long Blades    | |  1.0
Bows           | |  1.0
Armour         | |  1.5
Dodging        | |  1.0
Evocations     | |  1.0

Action                   |  1- 3 |  4- 6 || total
-------------------------+-------+-------++-------
 Fire: Shortbow          |    48 |   100 ||   148
 Abil: Spit Poison       |    12 |    12 ||    24
Armor: Robe              |     1 |    18 ||    19
Dodge: Dodged            |    11 |    40 ||    51
